 Dungeon Crawl Stone Soup version 0.25-a0-424-g80bd347ae0 (webtiles) character file.

Game seed: 11441371324075049332, levelgen mode: deterministic

15281 Lugonue the Unseen (level 12, -4/80 HPs)
             Began as an Octopode Abyssal Knight on Jan 22, 2020.
             Was a High Priest of Lugonu.
             Slain by a meliai
             ... wielding a +0 hand axe
              (8 damage)
             ... on level 13 of the Dungeon.
             The game lasted 00:49:05 (9801 turns).

Lugonue the Unseen (Octopode Abyssal Knight)        Turns: 9801, Time: 00:49:06

Health: -4/80      AC:  4    Str: 17    XL:     12   Next: 25%
Magic:  6/18       EV: 18    Int: 21    God:    Lugonu [*****.]
Gold:   698        SH:  4    Dex: 12    Spells: 10/16 levels left

rFire    + . .     SeeInvis .   m - +3 dagger (speed)
rCold    . . .     Gourm    .   (no shield)
rNeg     . . .     Faith    .   (helmet restricted)
rPois    .         Spirit   .   q - amulet of regeneration
rElec    .         Reflect  .   k - +3 ring of intelligence
rCorr    .         Harm     .   v - +3 ring of protection
MR       .....                  y - +5 ring of strength
Stlth    +++++++...             (no ring)
HPRegen  0.63/turn              (no ring)
MPRegen  0.16/turn              (no ring)
                                (no ring)
                                (no ring)

@: no status effects
A: almost no armour, stealthy swim, amphibious, 8 rings, constrict 8, large bone
plates 1, camouflage 1, fire resistance 1, gelatinous body 1, MP-powered wands
a: Depart the Abyss, Bend Space, Banish, Corrupt, Enter the Abyss, Renounce
Religion


You were on level 13 of the Dungeon.
You worshipped Lugonu.
Lugonu was extremely pleased with you.
You were hungry.

You visited 1 branch of the dungeon, and saw 13 of its levels.
You visited the Abyss 1 time.

You collected 698 gold pieces.

Inventory:

Hand Weapons
 l - a +2 dagger of venom
 m - a +3 dagger of speed (weapon)
 t - a +1 short sword of flaming
 C - a +0 short sword of venom
 E - a +2 short sword of venom
Missiles
 h - 11 throwing nets (quivered)
Jewellery
 k - a +3 ring of intelligence (left tentacle)
 q - an amulet of regeneration (around mantle)
 v - a +3 ring of protection (right tentacle)
 y - a +5 ring of strength (on tentacle)
Wands
 w - a wand of paralysis (22)
 x - a wand of flame (24)
 F - a wand of iceblast (5)
Scrolls
 a - 2 scrolls of enchant weapon
 c - 5 scrolls of remove curse
 d - 3 scrolls of amnesia
 j - 6 scrolls of teleportation
 p - 3 scrolls of identify
 r - 3 scrolls of fog
 B - 2 scrolls of immolation
Potions
 e - 3 potions of flight
 f - 2 potions of might
 i - a potion of magic
 n - 2 potions of resistance
 o - 4 potions of curing
 s - a potion of ambrosia
 u - a potion of invisibility
 z - 2 potions of agility
 A - 3 potions of lignification
Comestibles
 b - 20 rations


   Skills:
 + Level 6.8 Fighting
 + Level 8.6 Short Blades
 * Level 9.0 Dodging
 * Level 15.0 Stealth
 * Level 2.8 Spellcasting
 + Level 0.1 Conjurations
 * Level 3.4 Hexes
 + Level 0.9 Ice Magic
 * Level 8.3 Invocations
 + Level 0.5 Evocations


You had 10 spell levels left.
You knew the following spells:

 Your Spells              Type           Power        Failure   Level  Hunger
a - Ensorcelled Hibernat  Hex/Ice        ##....       9%          2    ##.....
b - Corona                Hex            ###....      3%          1    None
c - Dazzling Flash        Conj/Hex       ##....       19%         3    ###....

Your spell library contained the following spells:

 Spells                   Type           Power        Failure   Level  Hunger
 Confusing Touch          Hex            ###.....     10%         3    ###....
 Tukima's Dance           Hex            ###.....     10%         3    ###....
 Cause Fear               Hex            ###.......   32%         4    ####...
 Silence                  Hex/Air        ##........   88%         5    ######.
 Yara's Violent Unravell  Hex/Tmut       ##........   88%         5    ######.
 Deflect Missiles         Chrm/Air       #.........   100%        6    #######
 Discord                  Hex            ###.......   100%        8    #######


Dungeon Overview and Level Annotations

Branches:
Dungeon (13/15)            Temple (0/1) D:4            Lair (0/6) D:9
    Orc (0/2) D:12
 Vaults: D:13-14

Altars:
Ashenzari
Dithmenos
Fedhas
Makhleb
Ru
Sif Muna
Trog
Xom

Shops:
D:9 *?

Annotations:
D:5 exclusion: moth of wrath
D:9 corrupted
D:12 corrupted


Innate Abilities, Weirdness & Mutations

You cannot wear most types of armour.
You are very stealthy in the water. (Stealth+)
You are amphibious.
You can wear up to eight rings at the same time.
You can use your tentacles to constrict eight enemies at once.
Your skin changes colour to match your surroundings (Stealth+).
Your rubbery body absorbs attacks. (AC +1, EV +1)
You are partially covered in large bone plates. (SH +4)
Your flesh is heat resistant. (rF+)
You expend magic power (3 MP) to strengthen your wands.


Message History

You are feeling hungry.
Unknown command.
You feel much better. The +5 long sword misses you.
The meliai calls down the wrath of its god upon you.
Something smites you!
* * * LOW HITPOINT WARNING * * *
You block the +5 long sword's attack.
You hear an angry buzzing noise.
Space bends around you!
You blink.
The meliai hits you with a +0 hand axe.
* * * LOW HITPOINT WARNING * * *
The meliai stings you.
* * * LOW HITPOINT WARNING * * *
The vampire mosquito bites you but does no damage.
You block the meliai's attack. The meliai barely misses you.
The vampire mosquito bites you.
* * * LOW HITPOINT WARNING * * *
The vampire mosquito draws strength from your injuries!
Space bends sharply around you!
The meliai blinks!
You blink.
The meliai closely misses you. The meliai stings you!
You die...

#....>..... ........y..
..... .§y.### ..( .....#$
#'# ...e... ####.# ...h.
#..†.# . #..#######
#####'#######.# #.........
#y(y§§...@y...######......
#§##########.###..y.......
#)# #.###.###..[... #.#
#.#.h.# #...... #.#
+.h.### #...... #.# #.###
#...... #.##########.#
#...... #......<†....#
#...... ##############
#......


You could see a meliai.

Vanquished Creatures
  Harold (D:7)
  2 two-headed ogres
  An unseen horror (D:10)
  An ugly thing (D:11)
  Maurice (D:11)
  Grinder (D:6)
  3 hornets
  A troll (D:11)
  2 hippogriffs
  Sigmund (D:5)
  A wraith (D:12)
  17 yaks
  2 hungry ghosts (D:11)
  A basilisk (D:11)
  A fire elemental (D:12)
  4 hogs (D:8)
  A human (D:8)
  2 vampire mosquitoes (D:13)
  Duvessa (D:6)
  An acid dragon (D:11)
  4 orc warriors
  2 sky beasts
  2 black bears
  2 phantoms
  3 ogres
  A wolf (D:9)
  8 centaurs
  A crocodile (D:11)
  4 big kobolds
  A gnoll sergeant (D:9)
  4 bullfrogs
  Dowan (D:6)
  7 scorpions
  13 killer bees
  6 wights
  An electric eel (D:9)
  2 howler monkeys (D:8)
  2 crimson imps
  2 centaur zombies (D:7)
  10 hounds
  3 gnoll shamans
  4 orc priests
  2 jellies
  2 bullfrog skeletons
  2 centaur skeletons
  Jessica (D:2)
  Terence (D:3)
  6 iguanas
  9 orc wizards
  2 worker ants
  A hound zombie (D:10)
  22 gnolls
  8 adders
  A howler monkey skeleton (D:7)
  2 shadow imps
  An adder zombie (D:5)
  4 worms
  4 dart slugs
  2 leopard geckos
  25 orcs
  7 bats
  5 giant cockroaches
  3 hobgoblins (D:1)
  12 jackals
  23 kobolds
  3 quokkas
  4 ball pythons
  7 frilled lizards
  7 goblins
  A jackal zombie (D:5)
  A leopard gecko zombie (D:6)
  A quokka skeleton (D:5)
  9 rats
306 creatures vanquished.

Vanquished Creatures (others)
  Azrael (D:12)
  2 manticores (D:12)
  A gargoyle (D:12)
  A centaur skeleton (D:12)
  A hippogriff (D:12)
  A fire elemental (D:12)
  A hungry ghost (D:12)
  An acid dragon (D:12)
  3 hell hounds (D:12)
  An orc warrior (D:9)
  A black bear (D:12)
  A wolf (D:9)
  2 centaurs (D:12)
  2 gnoll sergeants (D:9)
  A bullfrog (D:12)
  3 killer bees (D:10)
  A crimson imp (D:12)
  A jelly (D:12)
  5 hounds (D:9)
  13 gnolls (D:9)
  An orc (D:9)
  3 jackals (D:9)
  8 starspawn tentacles (D:12)
55 creatures vanquished.

Grand Total: 361 creatures vanquished

Notes
Turn   | Place    | Note
-------+----------+-------------------------------------------
     0 | Abyss:1  | Lugonue the Octopode Abyssal Knight began the quest for the
                  | Orb.
     0 | Abyss:1  | Reached XP level 1. HP: 16/16 MP: 2/2
    12 | D:1      | Escaped the Abyss
    71 | D:1      | Reached XP level 2. HP: 17/21 MP: 3/3
   382 | D:2      | Reached ** piety under Lugonu
   395 | D:2      | Reached XP level 3. HP: 24/26 MP: 4/4
   471 | D:2      | Reached skill level 1 in Stealth
   753 | D:2      | Noticed Jessica
   764 | D:2      | Killed Jessica
   764 | D:2      | Reached skill level 2 in Stealth
   764 | D:2      | Reached XP level 4. HP: 17/33 MP: 5/5
  1102 | D:3      | Noticed Terence
  1112 | D:3      | Killed Terence
  1112 | D:3      | Reached skill level 3 in Stealth
  1112 | D:3      | Reached XP level 5. HP: 32/37 MP: 6/6
  1133 | D:3      | Found a blossoming altar of Fedhas.
  1169 | D:3      | Found a shadowy altar of Dithmenos.
  1279 | D:3      | Reached *** piety under Lugonu
  1427 | D:3      | Found a shimmering blue altar of Sif Muna.
  1865 | D:4      | Reached skill level 4 in Stealth
  1870 | D:4      | Noticed a hornet
  1878 | D:4      | Found a burning altar of Makhleb.
  1881 | D:4      | Found a blossoming altar of Fedhas.
  1884 | D:4      | Found a sacrificial altar of Ru.
  2094 | D:4      | Paralysed by a hornet for 1 turns
  2110 | D:4      | Reached XP level 6. HP: 18/43 MP: 3/7
  2196 | D:4      | Found a staircase to the Ecumenical Temple.
  2358 | D:4      | Gained mutation: You have a pair of small antennae on your
                  | head. [potion of mutation]
  2358 | D:4      | Gained mutation: Scrolls take you a little longer to read.
                  | [potion of mutation]
  2358 | D:4      | Gained mutation: You are partially covered in large bone
                  | plates. (SH +4) [potion of mutation]
  2359 | D:4      | Lost mutation: Scrolls take you a little longer to read.
                  | [potion of mutation]
  2359 | D:4      | Lost mutation: You have a pair of small antennae on your
                  | head. [potion of mutation]
  2359 | D:4      | Gained mutation: You expend magic power (3 MP) to
                  | strengthen your wands. [potion of mutation]
  2359 | D:4      | Gained mutation: Your flesh is heat resistant. (rF+)
                  | [potion of mutation]
  2372 | D:4      | Killed a hornet
  2372 | D:4      | Reached skill level 5 in Stealth
  2372 | D:4      | Reached XP level 7. HP: 48/48 MP: 8/8
  2485 | D:5      | Entered Level 5 of the Dungeon
  2557 | D:5      | Reached skill level 6 in Stealth
  2657 | D:5      | Noticed Sigmund
  2704 | D:5      | Killed Sigmund
  2867 | D:5      | Reached skill level 7 in Stealth
  2872 | D:5      | Reached XP level 8. HP: 35/54 MP: 10/10
  2899 | D:5      | Noticed a moth of wrath
  2902 | D:5      | Found a bloodstained altar of Trog.
  3134 | D:6      | Reached skill level 5 in Short Blades
  3157 | D:6      | Reached **** piety under Lugonu
  3187 | D:6      | Noticed Duvessa
  3188 | D:6      | Noticed Dowan
  3191 | D:6      | Killed Duvessa
  3209 | D:6      | Killed Dowan
  3226 | D:6      | Noticed Grinder
  3233 | D:6      | Paralysed by Grinder for 3 turns
  3257 | D:6      | Killed Grinder
  3257 | D:6      | Reached skill level 5 in Dodging
  3257 | D:6      | Reached skill level 8 in Stealth
  3803 | D:7      | Noticed Harold
  3804 | D:7      | Reached skill level 9 in Stealth
  3839 | D:7      | Killed Harold
  3839 | D:7      | Reached skill level 5 in Fighting
  3839 | D:7      | Reached skill level 10 in Stealth
  3839 | D:7      | Reached XP level 9. HP: 22/61 MP: 10/12
  3999 | D:7      | Found a shattered altar of Ashenzari.
  4064 | D:7      | Reached skill level 5 in Invocations
  4142 | D:7      | Reached skill level 11 in Stealth
  4773 | D:8      | Reached XP level 10. HP: 66/66 MP: 14/14
  4780 | D:8      | You fall into a shaft and drop 1 floor!
  4782 | D:9      | Found Zakk's Magic Scroll Boutique.
  4791 | D:8      | Found a shimmering altar of Xom.
  4819 | D:8      | Noticed a two-headed ogre
  4862 | D:8      | Reached skill level 12 in Stealth
  5512 | D:8      | Reached ***** piety under Lugonu
  5904 | D:9      | Found Luebu's General Store.
  6008 | D:9      | Found a staircase to the Lair.
  6359 | D:9      | Reached skill level 13 in Stealth
  6438 | D:9      | Corrupted D:9
  6438 | D:9      | Noticed a large abomination
  6438 | D:9      | Noticed a wizard
  6439 | D:9      | Noticed a thrashing horror
  6446 | D:9      | Noticed a large abomination
  6450 | D:9      | Noticed a thrashing horror
  6614 | D:9      | Reached XP level 11. HP: 63/72 MP: 16/16
  6882 | D:9      | Learned a level 2 spell: Ensorcelled Hibernation
  7192 | D:10     | Entered Level 10 of the Dungeon
  7461 | D:10     | Learned a level 1 spell: Corona
  7483 | D:10     | Reached skill level 1 in Hexes
  7489 | D:10     | Noticed an unseen horror
  7496 | D:10     | Killed an unseen horror
  7737 | D:10     | Reached skill level 1 in Spellcasting
  8298 | D:11     | Noticed Maurice
  8306 | D:11     | Killed Maurice
  8503 | D:11     | Noticed a seven-headed hydra
  8527 | D:11     | Learned a level 3 spell: Dazzling Flash
  8605 | D:11     | Banished a seven-headed hydra
  8605 | D:11     | Reached skill level 14 in Stealth
  8787 | D:11     | Noticed a cyan ugly thing
  8791 | D:11     | Killed a cyan ugly thing
  9371 | D:12     | Noticed a two-headed ogre
  9374 | D:12     | Killed a two-headed ogre
  9374 | D:12     | Reached XP level 12. HP: 80/80 MP: 17/17
  9504 | D:12     | Noticed Azrael
  9567 | D:12     | Corrupted D:12
  9567 | D:12     | Noticed a thrashing horror
  9571 | D:12     | Noticed a tentacled starspawn
  9573 | D:12     | Noticed a deep elf demonologist
  9575 | D:12     | Noticed a brown very ugly thing
  9576 | D:12     | Noticed a cacodemon
  9576 | D:12     | Killed Azrael
  9577 | D:12     | Noticed an Ice Fiend
  9590 | D:12     | Found a staircase to the Orcish Mines.
  9750 | D:13     | Noticed a two-headed ogre
  9759 | D:13     | Killed a two-headed ogre
  9783 | D:13     | Reached skill level 15 in Stealth
  9801 | D:13     | Slain by a meliai

Levels and vault maps discovered:
D:1:      sevenhm_arrival_forest_fort_small_3, layout_basic
D:2:      layout_loops_ring, kennysheep_jessica_study
D:3:      layout_basic, old_standard_altar, nicolae_overflow_crystal_walls,
          first_ration, minmay_liquid_box, serial_park_tiny_2, fedhas_altar_1,
          uniq_terence
D:4:      layout_basic, grunt_temple_overflow_open, temple_statues
D:5:      layout_cave_pools, tgw_trog, uniq_sigmund
D:6:      layout_loops_ring, minmay_misc_feat_plants,
          kennysheep_generic_room_14, uniq_duvessa, uniq_grinder
D:7:      layout_basic, nicolae_ashenzari_panopticon, uniq_harold
D:8:      layout_loops_ring, overflow_temple_1_default, grunt_livestock
D:9:      layout_cave_pools, david_lair_shrubbed, serial_gnoll_camp,
          gnoll_camp_mini_doghouse, gnoll_camp_medium_02, gnoll_camp_mini_shop,
          gnoll_camp_huts_moat, gnoll_camp_mini_hut, gnoll_camp_mini_shop
D:10:     layout_roguey
D:11:     layout_stronghold, uniq_maurice
D:12:     layout_rooms, orc_0_dummy, drop_trap, kennysheep_cluttered_room,
          uniq_azrael, uniq_erolcha
D:13:     layout_roguey, erik_vaults_1

Skill      XL: |  1  2  3  4  5  6  7  8  9 10 11 12 |
---------------+-------------------------------------+-----
Stealth        | 2 3 4 5 7 10 11 13 14 15 | 15.0
Short Blades   | 3 4 6 7 8 |  8.6
Dodging        | 3 4 5 6 7 8 9 |  9.0
Fighting       | 4 5 6 |  6.8
Invocations    | 3 4 5 6 7 8 |  8.3
Hexes          | 2 3 |  3.4
Spellcasting   | 2 |  2.8
Conjurations   | |  0.1
Ice Magic      | |  0.9
Evocations     | |  0.5

Action                   |  1- 3 |  4- 6 |  7- 9 | 10-12 || total
-------------------------+-------+-------+-------+-------++-------
Melee: Short sword       |    60 |       |    21 |       ||    81
       Constrict         |    18 |    18 |    34 |   106 ||   176
       Tentacles         |    11 |    17 |    56 |   159 ||   243
       Dagger            |    12 |   105 |   256 |   598 ||   971
Throw: Throwing net      |       |       |       |     1 ||     1
 Cast: Ensorcelled Hiber |       |       |       |    20 ||    20
       Corona            |       |       |       |     5 ||     5
       Dazzling Flash    |       |       |       |     4 ||     4
Invok: Bend Space        |       |     4 |     2 |    17 ||    23
       Banish            |       |       |       |     4 ||     4
       Corrupt           |       |       |       |     2 ||     2
Evoke: Wand              |       |       |       |     9 ||     9
  Use: Potion            |       |     6 |       |     6 ||    12
       Scroll            |       |     8 |     6 |     9 ||    23
 Stab: Sleeping          |     7 |     5 |    24 |    38 ||    74
       Paralysed         |       |       |       |     2 ||     2
       Invisible         |       |       |       |     3 ||     3
  Eat: Chunk             |       |     2 |     3 |    14 ||    19
       Ration            |       |     1 |     1 |     2 ||     4
Armor: Skin              |     7 |     4 |    12 |    48 ||    71
Dodge: Dodged            |    45 |    38 |    91 |   361 ||   535
Block: Other             |       |       |    20 |    71 ||    91

Table legend:
 A = Non-vault XP
 B = Vault XP
 C = Vault XP percentage of total XP
 D = Non-vault monster count
 E = Vault monster count
 F = Vault count percentage of total count
                 A         B        C        D         E       F
            +---------+---------+-------+---------+---------+-------
      Total |   17719 |    4111 |  18.8 |     264 |      43 |  14.0
            +---------+---------+-------+---------+---------+-------
        D:1 |      30 |       0 |   0.0 |      16 |       0 |   0.0
        D:2 |      66 |      39 |  37.1 |      25 |       2 |   7.4
        D:3 |      35 |      36 |  50.7 |      18 |       1 |   5.3
        D:4 |     441 |       0 |   0.0 |      10 |       0 |   0.0
        D:5 |     333 |     220 |  39.8 |      16 |       1 |   5.9
        D:6 |     356 |     525 |  59.6 |       9 |       3 |  25.0
        D:7 |    1235 |     987 |  44.4 |      21 |       1 |   4.5
        D:8 |    2486 |     953 |  27.7 |      41 |       5 |  10.9
        D:9 |    2621 |     693 |  20.9 |      18 |      28 |  60.9
       D:10 |    3456 |       0 |   0.0 |      54 |       0 |   0.0
       D:11 |    2977 |     469 |  13.6 |      23 |       1 |   4.2
       D:12 |    2297 |     189 |   7.6 |       9 |       1 |  10.0
       D:13 |    1386 |       0 |   0.0 |       4 |       0 |   0.0
            +---------+---------+-------+---------+---------+-------
